Get step-by-step instructions on how to execute this build order below. Start the game timer, and the build order will tick by so you can play in parallel with StarCraft on a second screen or mobile device.

Game Time

  0:00

Last Step

  N/A

Next Step

  12  0:00  Probe  

Upcoming Step

  13  0:12  Probe  

Don't want to look back and forth between 2 screens? Try out our Overwolf App, the Spawning Tool Build Advisor to get an in-game overlay with this build!

Complete Build Order

  12  0:00  Probe  
  13  0:12  Probe  
  14  0:19  Pylon  
  14  0:24  Probe  
  15  0:37  Probe (Chrono Boost)  
  15  0:41  Gateway  
  16  0:47  Probe (Chrono Boost)  
  17  0:51  Assimilator  
  17  0:52  Probe (Chrono Boost)  
  18  1:04  Probe  
  19  1:16  Probe  
  20  1:27  Nexus  
  20  1:28  Probe  
  21  1:39  Cybernetics Core  
  21  1:49  Probe  
  21  1:51  Assimilator  
  21  1:53  Pylon  
  22  2:01  Probe  
  23  2:13  Adept (Chrono Boost), Probe  
  26  2:24  Stargate  
  26  2:25  Probe  
  27  2:33  Adept (Chrono Boost)  
  29  2:37  Probe  
  29  2:38  Warp Gate  
  29  2:40  Probe  
  31  2:49  Probe  
  32  2:52  Probe  
  32  2:55  Adept  
  35  3:01  Probe  
  36  3:05  Probe  
  36  3:10  Oracle (Chrono Boost)  
  36  3:12  Pylon  
  40  3:13  Probe  
  40  3:18  Probe  
  42  3:21  Gateway  
  42  3:38  Oracle (Chrono Boost)  
  45  3:43  Nexus  
  45  3:46  Pylon  
  45  3:48  Probe  
  44  3:53  Probe  
  45  3:56  Gateway  
  45  4:00  Probe  
  46  4:04  Gateway  
  46  4:05  Probe  
  47  4:12  Probe  
  47  4:15  Assimilator  
  46  4:17  Probe  
  46  4:21  Twilight Council  
  47  4:24  Probe  
  47  4:26  Stalker  
  47  4:27  Adept  
  47  4:29  Probe  
  53  4:34  Forge  
  53  4:36  Probe  
  54  4:42  Probe  
  55  4:49  Probe (Chrono Boost)  
  53  4:53  Stalker  
  53  4:54  Stalker, Adept, Probe (Chrono Boost)  
  53  4:57  Probe (Chrono Boost)  
  62  5:01  Adept, Probe (Chrono Boost)  
  62  5:03  Blink (Chrono Boost)  
  62  5:05  Probe (Chrono Boost)  
  62  5:06  Probe (Chrono Boost), Protoss Ground Weapons Level 1  
  66  5:08  Probe (Chrono Boost)  
  66  5:10  Probe (Chrono Boost)  
  66  5:11  Probe (Chrono Boost)  
  69  5:15  Probe  
  69  5:20  Probe  
  71  5:24  Probe  
  71  5:27  Probe, Pylon  
  73  5:28  Assimilator  
  73  5:30  Stalker  
  73  5:32  Probe  
  76  5:36  Probe  
  76  5:39  Pylon  
  77  5:45  Probe x2  
  77  5:47  Stalker  
  77  5:48  Probe  
  80  5:53  Stalker x2  
  80  5:55  Pylon  
  80  5:56  Shield Battery  
  84  5:57  Probe  
  84  5:58  Gateway x2  
  85  6:13  Probe x2  
  85  6:17  Probe  
  88  6:21  Nexus  
  88  6:23  Pylon  
  88  6:25  Gateway, Probe x2, Stalker  
  92  6:27  Gateway  
  93  6:40  Probe  
  93  6:41  Stalker x3  
  93  6:44  Probe  
  93  6:46  Probe  
  91  6:50  Charge (Chrono Boost), Stalker, Pylon  
  91  6:52  Probe  
  94  6:54  Gateway  
  94  7:00  Gateway  
  94  7:01  Stalker x2  
  98  7:07  Stalker, Probe  
  101  7:08  Probe  
  101  7:09  Probe  
  101  7:15  Protoss Ground Weapons Level 2 (Chrono Boost)  
  103  7:19  Probe  
  103  7:20  Probe  
  103  7:21  Stalker x2  
  103  7:22  Pylon  
  109  7:28  Shield Battery, Photon Cannon  
  109  7:29  Pylon  
  109  7:30  Pylon  
  109  7:31  Pylon  
  109  7:33  Probe x2  
  109  7:34  Templar Archives  
  111  7:38  Zealot x5  
  111  7:42  Zealot  
  123  7:48  Zealot x2  
  127  7:54  Probe x2  
  127  7:55  Assimilator  
  129  8:00  Assimilator, Probe  
  129  8:01  Robotics Facility  
  129  8:02  Psionic Storm  
  129  8:03  Pylon, Photon Cannon  
  129  8:04  Shield Battery  
  130  8:06  Pylon  
  130  8:08  Zealot x2  
  134  8:13  Pylon, Probe  
  134  8:15  High Templar x2  
  134  8:19  Pylon  
  139  8:21  Pylon  
  139  8:22  Pylon  
  139  8:26  Stalker  
  141  8:29  Stalker  
  133  8:36  Probe  
  133  8:37  Probe  
  133  8:38  Probe  
  133  8:40  Pylon  
  136  8:42  Assimilator  
  136  8:43  High Templar x2  
  136  8:46  Probe, Pylon, Photon Cannon  
  136  8:48  Shield Battery  
  141  8:54  Pylon  
  141  8:55  High Templar  
  143  8:57  Nexus  
  143  8:59  Pylon  
  143  9:00  Robotics Facility  
  143  9:07  Zealot x7  
  157  9:15  Archon  
  151  9:17  Zealot x2  
  151  9:18  Probe  
  151  9:19  Probe  
  150  9:31  Immortal (Chrono Boost)  
  150  9:34  Stalker x2  
  154  9:41  Probe x2  
  154  9:42  Probe, High Templar x2  
  161  9:46  Zealot x6  
  161  9:47  Probe  
  174  9:53  Immortal (Chrono Boost)  
  178  10:05  Photon Cannon  
  178  10:08  Archon, Immortal (Chrono Boost)  
  178  10:12  Stalker  
  178  10:13  Stalker x4  
  117  10:28  Zealot x5  
  119  10:39  Zealot  
  119  10:40  Zealot x2, Immortal (Chrono Boost)  
  119  10:41  High Templar  
  124  10:42  Probe (Chrono Boost)  
  124  10:43  Probe x3 (Chrono Boost)  
  124  10:44  Probe (Chrono Boost)  
  124  10:45  High Templar  
  124  10:52  High Templar x3  
  124  10:55  Probe (Chrono Boost)  
  124  10:56  Archon, High Templar  
  137  10:57  Zealot  
  137  10:59  Probe x2 (Chrono Boost)  
  137  11:00  Probe x2 (Chrono Boost)  
  137  11:01  Probe (Chrono Boost)  
  137  11:02  Zealot x3  
  144  11:04  Archon  
  120  11:13  Zealot